 Dungeon Crawl Stone Soup version 0.29.0-4-gdea44cf6ec (webtiles) character file.

Game seed: 6927707781052106836

17 qw the Sneak (level 2, -4/23 HPs)
             Began as a Ghoul Enchanter on Sept 7, 2022.
             Slain by a kobold
             ... wielding a +1 short sword of distortion
              (23 damage)
             ... on level 1 of the Dungeon.
             The game lasted 00:00:30 (1039 turns).

qw the Sneak (Ghoul Enchanter)                      Turns: 1039, Time: 00:00:30

Health: -4/23      AC:  2    Str: 11    XL:     2   Next: 62%
Magic:  3/3        EV: 12    Int: 10    God:
Gold:   12         SH:  0    Dex:  9    Spells: 4/4 levels left

rFire   . . .      SeeInvis .   i - +0 flail
rCold   + . .      Faith    .   (no shield)
rNeg    + + +      Spirit   .   b - +0 robe
rPois   inf        Reflect  .   (no helmet)
rElec   .          Harm     .   (no cloak)
rCorr   .          Rampage  .   (no gloves)
Will    .....                   (no boots)
Stlth   ++........              (no amulet)
HPRegen 0.00/turn               (no ring)
MPRegen 0.08/turn               (no ring)

@: inhibited regen
A: claws 1, cold resistance 1, negative energy resistance 3, inhibited
regeneration, torment resistance 2, devour on kill
a: no special abilities


You were on level 1 of the Dungeon.
You visited 1 branch of the dungeon, and saw 1 of its levels.

You collected 12 gold pieces.


Innate Abilities, Weirdness & Mutations

You are immune to poison.
You have sharp fingernails.
Your flesh is cold resistant. (rC+)
You are immune to negative energy. (rN+++)
You do not regenerate when monsters are visible.
You are immune to unholy pain and torment.
You thrive by killing the living.


   Skills:
 - Level 1.0 Fighting
 - Level 0.8 Short Blades
 + Level 1.6 Axes
 - Level 1.7 Dodging
 - Level 3.2 Stealth
 - Level 1.7 Spellcasting
 - Level 2.4 Hexes


You had 4 spell levels left.
You didn't know any spells.
Your spell library contained the following spells:

 Spells                   Type           Power      Damage    Failure   Level
 Ensorcelled Hibernation  Hex/Ice        6%         N/A       30%         2
 Confusing Touch          Hex            5%         N/A       34%         3
 Tukima's Dance           Hex            5%         N/A       34%         3
 Dazzling Flash           Conj/Hex       6%         N/A       52%         3

Inventory:

Hand Weapons
 i - a +0 flail (weapon)
Armour
 b - a +0 robe (worn)
 e - a +2 pair of gloves
 g - a +0 chain mail
Jewellery
 a - an amulet of reflection
Scrolls
 d - a scroll of amnesia {unknown}
 h - 2 scrolls of teleportation {unknown}
 j - a scroll of identify {unknown}
Potions
 c - 2 potions of invisibility

Dungeon Overview and Level Annotations

Branches:
Dungeon (1/15)

Altars:


Message History

The rat misses you.
You completely miss the rat. The rat bites you.
You closely miss the rat. The rat closely misses you. x2
You barely miss the rat. The rat misses you.
You hit the rat.
You kill the rat!
You start resting.
HP restored.
You now have 12 gold pieces.
You see here a rat corpse.
You see here a +0 dagger.
A ball python and a kobold come into view.
The kobold is wielding a +0 short sword of venom.
The kobold shouts!
977 ||| Stepping ~*~*~tactically~*~*~ (stealth).
979 ||| Stepping ~*~*~tactically~*~*~ (stealth).
The ball python closely misses you. The ball python barely misses you.
You barely miss the ball python. The ball python bites you.
The ball python grabs you. The ball python constricts you.
You thump the ball python!
You kill the ball python!
You feel better.
You sock the kobold!
You kill the kobold!
Things that are here:
a +0 short sword of venom; a stone; a kobold corpse A kobold comes into view.
It is wielding a +1 short sword of distortion.
Enter note: The kobold shouts!
You miss the kobold. The kobold barely misses you.
A dart slug comes into view.
The kobold hits you with a +1 short sword of distortion.
Space warps horribly around you!!
Ouch! That really hurt!
You die...

## #.......#
#######.# #.#
#.# #.# #.# ##.
# #.# ...#
#...##.######w#
##..
..........@K...#
##...###########
##. #


You could see a dart slug and a kobold.

Vanquished Creatures
  A dart slug (D:1)
  3 bats (D:1)
  2 endoplasms (D:1)
  A giant cockroach (D:1)
  2 goblins (D:1)
  3 ball pythons (D:1)
  2 kobolds (D:1)
  2 rats (D:1)
16 creatures vanquished.

Notes
Turn   | Place    | Note
-------+----------+-------------------------------------------
     0 | D:1      | qw the Ghoul Enchanter began the quest for the Orb.
     0 | D:1      | Reached XP level 1. HP: 14/14 MP: 2/2
     0 | D:1      | 0 ||| qw: Version: 0.1-a-108-g9e35731
     0 | D:1      | 0 ||| qw: Game counter: 6478
     0 | D:1      | 0 ||| qw: Always use a shield: true
     0 | D:1      | 0 ||| qw: God list: Okawaru
     0 | D:1      | 0 ||| qw: Allow faded altars: false
     0 | D:1      | 0 ||| qw: Do Orc after D:15 true
     0 | D:1      | 0 ||| qw: Do second Lair branch before Depths: true
     0 | D:1      | 0 ||| qw: Lair rune preference: random
     0 | D:1      | 0 ||| qw: Plans: Normal
     0 | D:1      | 0 ||| PLANNING D:1-11
    45 | D:1      | 45 ||| Stepping ~*~*~tactically~*~*~ (outnumbered).
    88 | D:1      | HP: 3/14 [bat (1)]
    96 | D:1      | Reached skill level 1 in Axes
   360 | D:1      | 360 ||| SWAPPING to +0 club.
   361 | D:1      | 361 ||| DROPPING +1 dagger.
   371 | D:1      | 371 ||| Stepping ~*~*~tactically~*~*~ (stealth).
   456 | D:1      | 456 ||| Stepping ~*~*~tactically~*~*~ (stealth).
   457 | D:1      | 457 ||| Stepping ~*~*~tactically~*~*~ (stealth).
   463 | D:1      | 463 ||| Stepping ~*~*~tactically~*~*~ (stealth).
   480 | D:1      | 480 ||| Stepping ~*~*~tactically~*~*~ (stealth).
   609 | D:1      | Reached skill level 1 in Fighting
   609 | D:1      | Reached XP level 2. HP: 22/23 MP: 3/3
   666 | D:1      | 666 ||| Stepping ~*~*~tactically~*~*~ (stealth).
   671 | D:1      | 671 ||| Stepping ~*~*~tactically~*~*~ (outnumbered).
   854 | D:1      | 854 ||| SWAPPING to +0 flail.
   855 | D:1      | 855 ||| DROPPING +0 club.
   977 | D:1      | 977 ||| Stepping ~*~*~tactically~*~*~ (stealth).
   979 | D:1      | 979 ||| Stepping ~*~*~tactically~*~*~ (stealth).
  1039 | D:1      | Slain by a kobold

Levels and vault maps discovered:
D:1:      dpeg_arrival_fog, layout_loops_ring, grunt_decor_fettered

Skill      XL: |  1 |
---------------+----+-----
Axes           | 1 |  1.6
Fighting       | 1 |  1.0
Short Blades   | |  0.8
Dodging        | |  1.7
Stealth        | |  3.2
Spellcasting   | |  1.7
Hexes          | |  2.4

Action                   || total
-------------------------++-------
Melee: Dagger            ||    35
       Club              ||    32
       Flail             ||    10
 Stab: Sleeping          ||     1
Armor: Robe              ||    31
Dodge: Dodged            ||    55

Table legend:
 A = Non-vault XP
 B = Vault XP
 C = Vault XP percentage of total XP
 D = Non-vault monster count
 E = Vault monster count
 F = Vault count percentage of total count
                 A         B        C        D         E       F
            +---------+---------+-------+---------+---------+-------
      Total |      25 |       0 |   0.0 |      16 |       0 |   0.0
            +---------+---------+-------+---------+---------+-------
        D:1 |      25 |       0 |   0.0 |      16 |       0 |   0.0
            +---------+---------+-------+---------+---------+-------
